[Event "NED-ch U16 Youth 2019"]
[Site "Assen"]
[Date "2019.05.03"]
[Round "6.1"]
[White "Cchung, Chi Yun"]
[Black "Grutter, Tim"]
[Result "1-0"]
[ECO "B47"]
[WhiteElo "1836"]
[BlackElo "2029"]
[Annotator "NA"]
[PlyCount "71"]
[EventDate "2019.04.28"]
[EventType "swiss"]
[EventCountry "NED"]
[SourceTitle "playchess.com"]
[Source "ChessBase"]
[SourceQuality "1"]
[TimeControl "40/5400+30:1800+30"]

1. e4 c5 2. Nf3 e6 3. d4 cxd4 4. Nxd4 Nc6 5. Nc3 Qc7 6. g3 a6 7. Bg2 Nf6 8. O-O Be7 9. Re1 O-O 10. Nxc6 bxc6 11. e5 Nd5 12. Na4 Rd8 13. c4 Nb6 14. Nxb6 Qxb6 15. Qg4 f5 16. exf6 Bxf6 17. Rb1 d5 18. Bg5 Rf8 19. Bxf6 Rxf6 20. b4 Qxf2+ 21. Kh1 Rg6 22. Qh4 Qf6 23. Qh5 Bb7 24. a4 Rg5 25. Qe2 e5 26. b5 axb5 27. axb5 d4 28. Qe4 Rc8 29. Rf1 Qe7 30. bxc6 Ba8 31. Qd5+ Kh8 32. Rf7 Qe8 33. Rbf1 Rg6 34. Qd7 Kg8 35. Bd5 Qxd7 36. Rf8# 1-0

[Event "NED-ch U16 Youth 2019"]
[Site "Assen"]
[Date "2019.05.03"]
[Round "6.2"]
[White "Bruil, Rembrandt"]
[Black "Honkoop, Gilian"]
[Result "1-0"]
[ECO "E67"]
[WhiteElo "2178"]
[BlackElo "2038"]
[Annotator "NA"]
[PlyCount "79"]
[EventDate "2019.04.28"]
[EventType "swiss"]
[EventCountry "NED"]
[SourceTitle "playchess.com"]
[Source "ChessBase"]
[SourceQuality "1"]
[TimeControl "40/5400+30:1800+30"]

1. c4 Nf6 2. Nc3 g6 3. Nf3 Bg7 4. g3 O-O 5. Bg2 d6 6. d4 Nbd7 7. O-O e5 8. h3 h6 9. e4 Re8 10. Re1 b6 11. b3 Bb7 12. d5 Qe7 13. Rb1 Nh5 14. Bd2 Rf8 15. b4 Rac8 16. a4 Nhf6 17. Qc1 Kh7 18. Qa3 Ne8 19. a5 f5 20. a6 Ba8 21. Nb5 fxe4 22. Rxe4 Ndf6 23. Rh4 c6 24. Nc3 cxd5 25. cxd5 Kg8 26. b5 g5 27. Ra4 Nc7 28. Re1 Nfxd5 29. h4 Nxc3 30. Qxc3 Ne6 31. Qe3 Qf7 32. hxg5 hxg5 33. Nh2 Bxg2 34. Kxg2 Nd4 35. Ng4 Qd5+ 36. Qe4 Qxb5 37. Rxd4 exd4 38. Qe6+ Rf7 39. Qxc8+ Bf8 40. Nh6+ 1-0

[Event "NED-ch U16 Youth 2019"]
[Site "Assen"]
[Date "2019.05.03"]
[Round "6.3"]
[White "Van der Schaaf, Tristan"]
[Black "Hilwerda, Jonas"]
[Result "0-1"]
[ECO "E04"]
[WhiteElo "1807"]
[BlackElo "2312"]
[Annotator "NA"]
[PlyCount "64"]
[EventDate "2019.04.28"]
[EventType "swiss"]
[EventCountry "NED"]
[SourceTitle "playchess.com"]
[Source "ChessBase"]
[SourceQuality "1"]
[TimeControl "40/5400+30:1800+30"]

1. d4 Nf6 2. c4 e6 3. g3 d5 4. Nf3 dxc4 5. Bg2 Bd7 6. Ne5 Bc6 7. Nxc6 Nxc6 8. O-O Qd7 9. e3 O-O-O 10. Nd2 e5 11. Nxc4 exd4 12. exd4 Qe6 13. Qa4 Rxd4 14. b3 Ne4 15. Bb2 Nc5 16. Qxc6 bxc6 17. Bxd4 Ne4 18. Rae1 f5 19. f3 Qd5 20. fxe4 Qxd4+ 21. Kh1 Bb4 22. Rd1 Qf6 23. a3 Bc3 24. Bh3 g6 25. exf5 g5 26. Bg2 h5 27. b4 g4 28. Rd3 h4 29. gxh4 Qxh4 30. Kg1 Qxh2+ 31. Kf2 Qf4+ 32. Ke2 Qxc4 0-1

[Event "NED-ch U16 Youth 2019"]
[Site "Assen"]
[Date "2019.05.03"]
[Round "6.4"]
[White "Albers, Sasa"]
[Black "Elgersma, Onno"]
[Result "0-1"]
[ECO "B08"]
[WhiteElo "1690"]
[BlackElo "2174"]
[Annotator "NA"]
[PlyCount "178"]
[EventDate "2019.04.28"]
[EventType "swiss"]
[EventCountry "NED"]
[SourceTitle "playchess.com"]
[Source "ChessBase"]
[SourceQuality "1"]
[TimeControl "40/5400+30:1800+30"]

1. e4 c6 2. Nf3 d5 3. Nc3 g6 4. d4 Bg7 5. Bd3 dxe4 6. Nxe4 Nf6 7. O-O Nxe4 8. Bxe4 O-O 9. Re1 Nd7 10. c3 Re8 11. Bf4 Qb6 12. Qb3 Nf6 13. Ng5 Qxb3 14. axb3 h6 15. Nf3 Nxe4 16. Rxe4 g5 17. Be5 f6 18. Bd6 Kf7 19. Rae1 Bf8 20. Ba3 Bf5 21. R4e2 Rad8 22. Nd2 b6 23. Ne4 Bg6 24. h3 h5 25. g4 Kg7 26. Ng3 h4 27. Nf5+ Bxf5 28. gxf5 Kf7 29. Re6 Rc8 30. R1e4 Rc7 31. Kf1 Rd8 32. c4 Rcd7 33. d5 cxd5 34. cxd5 Rc7 35. Rc6 Rb7 36. d6 exd6 37. Re6 Rbd7 38. Kg2 b5 39. Bb4 Re8 40. Bxd6 Bxd6 41. Rcxd6 Rxd6 42. Rxd6 Re5 43. Rd7+ Kg8 44. Rxa7 Rxf5 45. Rb7 Kf8 46. Rd7 Rf4 47. f3 Ke8 48. Rd5 Rb4 49. Rd3 Ke7 50. Kf2 Ke6 51. Ke3 Ke5 52. Rc3 f5 53. Rc5+ Ke6 54. Rc3 Kd5 55. Rd3+ Kc5 56. Rc3+ Kb6 57. Kd2 Ka5 58. Kc2 Rd4 59. Rc6 Rf4 60. Rc3 Kb4 61. Re3 g4 62. fxg4 fxg4 63. hxg4 Rxg4 64. Kc1 Rd4 65. Re5 h3 66. Rh5 Rd3 67. Kc2 Rg3 68. Rh4+ Kc5 69. Rh5+ Kc6 70. b4 Rg2+ 71. Kb3 h2 72. Kc3 Kd6 73. b3 Ke6 74. Kd4 Rc2 75. Kd3 Rf2 76. Kd4 Kf6 77. Ke3 Rg2 78. Rh8 Kg7 79. Kf3 Rb2 80. Rh4 Rxb3+ 81. Kg2 Rb2+ 82. Kh1 Kf6 83. Rxh2 Rxh2+ 84. Kxh2 Ke5 85. Kg2 Kd4 86. Kf2 Kc3 87. Ke2 Kxb4 88. Kd2 Kb3 89. Kc1 Ka2 0-1

[Event "NED-ch U16 Youth 2019"]
[Site "Assen"]
[Date "2019.05.03"]
[Round "6.5"]
[White "Shakhverdian, William"]
[Black "Gevorkjan, Lewon"]
[Result "1-0"]
[ECO "A94"]
[WhiteElo "1949"]
[BlackElo "1808"]
[Annotator "NA"]
[PlyCount "151"]
[EventDate "2019.04.28"]
[EventType "swiss"]
[EventCountry "NED"]
[SourceTitle "playchess.com"]
[Source "ChessBase"]
[SourceQuality "1"]
[TimeControl "40/5400+30:1800+30"]

1. d4 e6 2. g3 f5 3. Bg2 Nf6 4. Nf3 Be7 5. O-O O-O 6. c4 c6 7. b3 d5 8. Ba3 b6 9. Bxe7 Qxe7 10. Ne5 Bb7 11. Nd2 Nbd7 12. Ndf3 Nxe5 13. Nxe5 Nd7 14. Nd3 Rac8 15. Rc1 a5 16. f4 Ba6 17. Qd2 Qd8 18. Rc2 Qf6 19. Ne5 Nxe5 20. fxe5 Qg6 21. c5 Ra8 22. cxb6 Bb7 23. Rfc1 Ra6 24. e3 Rfa8 25. Rc5 Qg5 26. Kf2 a4 27. b4 Rxb6 28. a3 Qg6 29. Bf1 Qe8 30. Bd3 Ba6 31. Bxa6 Raxa6 32. R1c2 h6 33. Qc1 Kh7 34. Qd1 Kg8 35. Qd3 Qh5 36. Kg2 Qe8 37. R2c3 Qh5 38. Qc2 Kh7 39. Qd3 Kh8 40. Rc2 Kh7 41. h3 Kh8 42. Rf2 Ra8 43. Qc2 Qe8 44. Rf1 Raa6 45. Qe2 Ra7 46. Rfc1 Raa6 47. Kh2 Qf7 48. Qf3 Qe8 49. Qf1 Qh5 50. R1c2 Kh7 51. Kg2 Kg8 52. Qd3 Kh8 53. Rf2 Kg8 54. Qc2 Qe8 55. g4 fxg4 56. hxg4 Ra7 57. Rc3 Raa6 58. Kf1 Rb7 59. e4 Rf7 60. exd5 Rxf2+ 61. Kxf2 Qf7+ 62. Rf3 Qa7 63. Qc5 Qxc5 64. dxc5 exd5 65. Ke3 Ra7 66. Kd4 Rb7 67. e6 g6 68. Ke5 h5 69. gxh5 g5 70. Kd6 g4 71. Rf4 Rb8 72. Rxg4+ Kh7 73. e7 d4 74. Rxd4 Ra8 75. Kd7 Ra7+ 76. Ke6 1-0

[Event "NED-ch U16 Youth 2019"]
[Site "Assen"]
[Date "2019.05.03"]
[Round "6.6"]
[White "Maters, Arthur"]
[Black "Albertus, Bram"]
[Result "1-0"]
[ECO "B80"]
[WhiteElo "2043"]
[BlackElo "1887"]
[Annotator "NA"]
[PlyCount "71"]
[EventDate "2019.04.28"]
[EventType "swiss"]
[EventCountry "NED"]
[SourceTitle "playchess.com"]
[Source "ChessBase"]
[SourceQuality "1"]
[TimeControl "40/5400+30:1800+30"]

1. e4 c5 2. Nf3 e6 3. d4 cxd4 4. Nxd4 Nc6 5. Nc3 Qc7 6. g3 a6 7. Bg2 Nf6 8. O-O Be7 9. a4 O-O 10. Be3 d6 11. f4 Rd8 12. Nb3 Nd7 13. g4 Nc5 14. g5 b6 15. Rf3 f6 16. Rh3 g6 17. f5 fxg5 18. Nd4 Ne5 19. b4 Ncd7 20. Nxe6 Qxc3 21. Bxg5 Qxb4 22. Bxe7 Re8 23. Bxd6 Qc4 24. Raa3 Rxe6 25. fxe6 Qxe6 26. Bxe5 Nxe5 27. Qd8+ Kg7 28. Rxh7+ Kxh7 29. Rh3+ Qxh3 30. Bxh3 Nf7 31. Qd5 Ra7 32. Bxc8 Rc7 33. Bxa6 Kg7 34. Bc4 Re7 35. Qd4+ Kf8 36. Bxf7 1-0

[Event "NED-ch U16 Youth 2019"]
[Site "Assen"]
[Date "2019.05.04"]
[Round "7.1"]
[White "Hilwerda, Jonas"]
[Black "Cchung, Chi Yun"]
[Result "1-0"]
[ECO "B40"]
[WhiteElo "2312"]
[BlackElo "1836"]
[Annotator "NA RC"]
[PlyCount "67"]
[EventDate "2019.04.28"]
[EventType "swiss"]
[EventCountry "NED"]
[SourceTitle "playchess.com"]
[Source "ChessBase"]
[SourceQuality "1"]
[TimeControl "40/5400+30:1800+30"]

1. e4 c5 2. Nf3 e6 3. b3 b6 4. Bd3 Bb7 5. O-O d6 6. Bb2 Nd7 7. Re1 Ngf6 8. c3 Be7 9. Bc2 O-O 10. d4 Qc7 (10... d5 $11) 11. Nbd2 Rac8 12. Rc1 a6 13. c4 cxd4 14. Nxd4 Qb8 $11 15. Nb1 Bd8 16. Nd2 d5 17. Ba3 (17. exd5 $16 exd5 18. Nf5) 17... Re8 18. exd5 exd5 (18... Bc7 $14) 19. Rxe8+ Nxe8 20. cxd5 Ndf6 21. Nc6 $1 Bxc6 22. dxc6 Qf4 (22... g6 $142 23. Bb1 Bc7) 23. Nf3 Qh6 $2 (23... b5 24. g3 Qg4) 24. Bf5 Rb8 25. Rc4 Nh5 $2 (25... g6 26. Bd7 Nc7) 26. Bd7 Bc7 27. Bc1 Qf6 (27... Qg6 $142 28. Be3 (28. Nh4 Qd6 $18) 28... Qd6) 28. Bg5 Qb2 $2 (28... Qd6 29. Rd4 Qc5) 29. Rc2 Qa3 30. Bxe8 Bf4 31. Bxf4 Nxf4 32. c7 Rxe8 33. c8=Q {[%emt 0:01:03] Back Rank} Ne2+ 34. Qxe2 1-0

[Event "NED-ch U16 Youth 2019"]
[Site "Assen"]
[Date "2019.05.04"]
[Round "7.2"]
[White "Shakhverdian, William"]
[Black "Bruil, Rembrandt"]
[Result "1/2-1/2"]
[ECO "D61"]
[WhiteElo "1949"]
[BlackElo "2178"]
[Annotator "NA RC"]
[PlyCount "120"]
[EventDate "2019.04.28"]
[EventType "swiss"]
[EventCountry "NED"]
[SourceTitle "playchess.com"]
[Source "ChessBase"]
[SourceQuality "1"]
[TimeControl "40/5400+30:1800+30"]

1. d4 d5 2. Nf3 Nf6 3. c4 e6 4. Bg5 Be7 5. Nc3 O-O 6. e3 Nbd7 7. cxd5 Nxd5 8. Bxe7 Qxe7 9. Nxd5 exd5 10. Bd3 c6 11. Qc2 Nf6 12. O-O Ne4 13. Rfe1 $146 {[%emt 0:04:21] D61: Queen's Gambit Declined: Classical: 7 Qc2} ({Predecessor:} 13. Nd2 Bf5 14. Nxe4 Bxe4 15. Bxe4 Qxe4 16. Qxe4 dxe4 17. Rfc1 Rfd8 18. Rc5 f6 19. h4 Kf7 20. g4 Rd6 {1-0 (42) Deviatkin,A (2577)-Vaibhav,S (2485) Mumbai 2012}) 13... Re8 14. Nd2 Qh4 15. Nf3 Qh5 16. Ne5 f6 17. Nf3 Bh3 18. Nd2 {[%emt 0:15:02] [#]} Qg6 $1 19. Bf1 Bf5 20. Nxe4 Bxe4 21. Qd2 Qf7 22. Rac1 Qe7 23. a3 a5 24. a4 Qb4 25. Qxb4 axb4 26. b3 Kf8 27. f3 Bg6 28. Kf2 Re7 29. Be2 Ke8 30. Bd1 Kd7 31. Bc2 Bf7 32. Bd3 g6 33. h4 Rae8 34. Ra1 b6 35. Rac1 Kd6 36. g4 Rc8 37. e4 dxe4 38. fxe4 Bxb3 39. Rb1 Bxa4 40. Rxb4 b5 41. g5 fxg5 42. hxg5 c5 43. e5+ Ke6 44. dxc5 Rxc5 45. Kf3 $17 Rf7+ 46. Kg3 Rd7 47. Bf1 Rc3+ 48. Kf4 Rf7+ 49. Kg4 Rcf3 50. Be2 Rc3 51. Bxb5 Bxb5 52. Rxb5 Rfc7 53. Rb6+ R7c6 54. Rxc6+ Rxc6 55. Ra1 Rc4+ 56. Kg3 Kxe5 57. Ra7 Kf5 58. Ra5+ Ke4 59. Ra7 Rc5 60. Kg4 Ke5 1/2-1/2

[Event "NED-ch U16 Youth 2019"]
[Site "Assen"]
[Date "2019.05.04"]
[Round "7.3"]
[White "Grutter, Tim"]
[Black "Maters, Arthur"]
[Result "1-0"]
[ECO "B91"]
[WhiteElo "2029"]
[BlackElo "2043"]
[Annotator "NA RC"]
[PlyCount "79"]
[EventDate "2019.04.28"]
[EventType "swiss"]
[EventCountry "NED"]
[SourceTitle "playchess.com"]
[Source "ChessBase"]
[SourceQuality "1"]
[TimeControl "40/5400+30:1800+30"]

1. e4 c5 2. Nf3 d6 3. d4 cxd4 4. Nxd4 Nf6 5. Nc3 a6 6. g3 e5 7. Nb3 Be7 8. Bg2 b5 {[%emt 0:00:56] B91: Sicilian Najdorf: 6 g3} (8... O-O 9. a4 Nc6 10. O-O Nb4 11. a5 Be6 12. Bg5 h6 13. Bxf6 Bxf6 14. Ra4 Nc6 15. Nd5 Rc8 16. c3 g6 17. Nxf6+ Qxf6 18. Qxd6 {½-½ (68) Duda,J (2737)-Grischuk,A (2766) chess.com INT 2018}) 9. a4 b4 10. Nd5 a5 11. Nxe7 Qxe7 12. O-O O-O $146 ({Predecessor:} 12... Bb7 13. Re1 O-O 14. Qe2 Qc7 15. Bg5 Nbd7 16. c3 {0-1 (27) Mamyrbay,A (2217)-Kenenbaev,A (1969) Ulaanbaatar 2015}) 13. Re1 Qc7 14. Nd2 ({White should play} 14. Bg5 $11) 14... Bb7 15. b3 Rd8 16. Bb2 Nbd7 17. Rc1 Nc5 18. Re3 Ba6 19. c4 Bb7 20. h3 Rf8 21. f4 Qb6 22. Qe2 Bxe4 23. Nxe4 Nfxe4 24. Kh2 f5 25. fxe5 dxe5 26. Rd1 (26. Bxe5 $11 {remains equal.} Rae8 27. Bd4) 26... Rad8 ({Better is} 26... Rae8 $17) 27. Bxe5 Rxd1 28. Qxd1 Rd8 29. Qf3 Qe6 (29... g6 $11 {keeps the balance.}) 30. Bf4 $2 (30. Bc7 $16 {is forced if you want to stay better.} Ra8 31. Qd1) 30... Rd2 31. g4 g5 32. Bxg5 Qe5+ {[%emt 0:00:00] [#]} 33. Bf4 $1 Qb2 34. gxf5 Rf2 35. Qg4+ Kh8 $2 (35... Kf7 36. Qh5+ Kg7 37. f6+ {[%mdl 64] Decoy} (37. Bh6+ Kf6 $11) 37... Kxf6 38. Qh4+ Kg6) 36. Bc7 Qd2 37. Rxe4 Rxg2+ 38. Qxg2 Qxg2+ 39. Kxg2 Nxe4 40. Bxa5 1-0

[Event "NED-ch U16 Youth 2019"]
[Site "Assen"]
[Date "2019.05.04"]
[Round "7.5"]
[White "Van Wijngaarden, Frank"]
[Black "Van der Schaaf, Tristan"]
[Result "1-0"]
[ECO "B19"]
[WhiteElo "1774"]
[BlackElo "1807"]
[Annotator "NA RC"]
[PlyCount "59"]
[EventDate "2019.04.28"]
[EventType "swiss"]
[EventCountry "NED"]
[SourceTitle "playchess.com"]
[Source "ChessBase"]
[SourceQuality "1"]
[TimeControl "40/5400+30:1800+30"]

1. e4 c6 2. d4 d5 3. Nc3 dxe4 4. Nxe4 Bf5 5. Ng3 Bg6 6. h4 h6 7. Nf3 Nd7 8. h5 Bh7 9. Bd3 Bxd3 10. Qxd3 Ngf6 11. Bd2 e6 12. O-O-O Be7 13. Kb1 Qb6 {[%emt 0:00:00] B19: Classical Caro-Kann: 4...Bf5 main line} 14. Ne4 Nxe4 15. Qxe4 Nf6 16. Qe2 c5 {[%emt 0:00:00] [#]} 17. Be3 $146 ({Predecessor:} 17. dxc5 Bxc5 18. Ne5 Rc8 19. Bc3 O-O 20. Nd7 Nxd7 21. Qg4 {½-½ (53) Kulaots,K (2570)-Ipatov,A (2581) Konya 2012}) 17... O-O 18. g4 Nd5 19. Ka1 Nxe3 20. fxe3 Rfd8 21. g5 hxg5 {[%emt 0:00:00] [#]} (21... Bxg5 $16 {was called for.} 22. Nxg5 hxg5) 22. h6 $1 g6 (22... Bf6 {was necessary.} 23. hxg7 cxd4) 23. h7+ Kg7 24. Qh2 Bf6 {[%emt 0:00:00] [#]} 25. Rdf1 $1 Rf8 $18 (25... e5) 26. Ne5 Qd8 27. Qf2 cxd4 28. exd4 Bxe5 29. h8=Q+ Rxh8 30. Qxf7# 1-0

[Event "NED-ch U16 Youth 2019"]
[Site "Assen"]
[Date "2019.05.04"]
[Round "7.6"]
[White "Gevorkjan, Lewon"]
[Black "Albers, Sasa"]
[Result "1/2-1/2"]
[ECO "B15"]
[WhiteElo "1808"]
[BlackElo "1690"]
[Annotator "NA RC"]
[PlyCount "64"]
[EventDate "2019.04.28"]
[EventType "swiss"]
[EventCountry "NED"]
[SourceTitle "playchess.com"]
[Source "ChessBase"]
[SourceQuality "1"]
[TimeControl "40/5400+30:1800+30"]

1. e4 c6 2. d4 d5 3. Nc3 dxe4 4. Nxe4 Nf6 5. Nxf6+ exf6 6. c3 Bd6 7. Bd3 O-O 8. Qc2 g6 9. Ne2 Nd7 {[%emt 0:02:22] [#]} 10. h4 $1 Re8 11. h5 Nf8 12. Bh6 Qe7 {[%emt 0:05:39] B15: Caro-Kann: 3 Nc3: 3...g6 and 3...dxe4 4 Nxe4 Nf6 5 Nxf6+ exf6} (12... Be6 13. O-O-O Qc7 14. c4 f5 15. Kb1 Rad8 16. Qc3 c5 17. d5 Be5 18. Qc1 Bc8 19. Bf4 Bxf4 20. Nxf4 g5 {1-0 (40) Savchenko,B (2562)-Jobava,B (2629) chess.com INT 2019}) 13. O-O-O Bf5 14. Bxf8 Kxf8 $146 ({Predecessor:} 14... Bxd3 $11 {remains equal.} 15. Bxe7 (15. Rxd3 Qxf8 16. hxg6 fxg6 $11) 15... Bxc2 16. Bxd6 Rxe2 17. Rd2 Re6 18. Bc5 Bf5 19. h6 b6 20. Ba3 Rae8 21. Kd1 Be4 22. Rg1 Bd5 23. b3 b5 24. Bc5 a6 25. Kc2 f5 26. f3 f6 {½-½ (26) Lampe,D (2320)-Bobzin,P (2180) Hamburg 1995}) 15. hxg6 Bxg6 16. Ng3 ({White should try} 16. Qd2 $16 Kg8 17. Nf4) 16... Bxg3 17. fxg3 Qe3+ 18. Qd2 $2 (18. Kb1 $15) 18... Qxg3 $2 ({Better is} 18... Bxd3 $19 19. Rhe1 Be2) 19. Bxg6 hxg6 20. Rdf1 Qg5 21. Qxg5 fxg5 22. Rh7 f5 23. Rfh1 Kg8 24. Kd2 Rab8 25. Kd3 f4 26. R1h6 g4 27. Kc4 f3 28. gxf3 gxf3 29. Rc7 Re6 30. Rhh7 $1 Rf6 31. Rhg7+ Kf8 32. Rh7 Kg8 $11 1/2-1/2

[Event "NED-ch U16 Youth 2019"]
[Site "Assen"]
[Date "2019.05.04"]
[Round "7.7"]
[White "Verheul, Job"]
[Black "Roothaan, Elmar"]
[Result "0-1"]
[ECO "B22"]
[WhiteElo "1605"]
[BlackElo "1711"]
[Annotator "NA RC"]
[PlyCount "107"]
[EventDate "2019.04.28"]
[EventType "swiss"]
[EventCountry "NED"]
[SourceTitle "playchess.com"]
[Source "ChessBase"]
[SourceQuality "1"]
[TimeControl "40/5400+30:1800+30"]

1. e4 c5 2. c3 d5 3. exd5 Qxd5 4. d4 cxd4 5. cxd4 e6 6. Nf3 Bd7 7. Nc3 Qa5 8. Bd3 Nf6 9. O-O Be7 10. Re1 h6 11. a3 O-O 12. Bc2 Bc6 13. Ne5 Rd8 14. Qe2 Rxd4 15. Nxf7 Bd7 16. Ne5 Be8 17. Ng6 Bxg6 18. Qxe6+ Bf7 19. Qxe7 Rd7 20. Qe5 Qxe5 21. Re3 Qe4 22. Rxe4 Nc6 23. Re1 Nd4 24. Ba4 Rc7 25. Be3 Nf5 26. Bf4 Rc4 27. Be5 Ng4 28. Rad1 Rxa4 29. Nxa4 Bb3 30. Nc3 Bxd1 31. Nxd1 Rd8 32. Bc3 Nd4 33. f3 Nc2 34. Rf1 Nf6 35. Kf2 Nd5 36. Kg3 Nxc3 37. Nxc3 Ne3 38. Re1 Nf5+ 39. Kf2 Kf7 40. Rd1 Rxd1 41. Nxd1 Nd6 42. Ne3 Ke6 43. Ke2 g6 44. Kd3 a6 45. a4 Nf7 46. Kd4 Ne5 47. Nc4 Nd7 48. b4 b6 49. b5 a5 50. g4 h5 51. gxh5 {[%emt 0:04:15] Ke5+ [%clk 0:00:00] Ke4+ [%clk 0:00:00]} gxh5 52. h4 Kf5 53. Kd5 Kf4 {[%emt 0:00:30] Ke4 [%clk 0:00:00] Ke5+ [%clk 0:00:00]} 54. Ne3 0-1